AoeStats
← [CL] Al3jandr0.magn00

Highland

504621346Analyzed
3v3 RM · 25d ago on Sep 6, 2026· 46m 9s· 6 players
Game mode
Random Map
Map size
Normal (6 player)
Population
200
Speed
Normal
Resources
Standard
Victory
Conquest
Starting age
Dark Age
Ending age
Imperial Age
RankedLock teamsTeams togetherTeam positionsShared explorationLock speedFull tech treeHidden civsTurbo modeCheats
Victory
Defeat
🇦🇷 Celts · Argentina
1663
+15
🇦🇷 Magyars · Argentina
1470
+23
🇦🇷 Shu · Argentina
1459
+23
🇺🇸 Lithuanians · United States
1704
-23
🇧🇷 Koreans · Brazil
1651
-21
🇧🇷 Bengalis · Brazil
1551
-17
SS_Guxta
6:34 Loom
10:19 Feudal Age
10:58 Town Watch
12:21 Double-Bit Axe
16:49 Fletching
24:26 Castle Age
22:09 Fishing Lines
23:29 Forging
23:58 Horse Collar
24:24 Scale Barding Armor
25:33 Medium Warships
25:33 Bodkin Arrow
28:06 Gillnets
30:28 Bow Saw
31:02 Bloodlines
33:41 Wheelbarrow
35:24 Gold Mining
36:15 Heavy Plow
37:22 Iron Casting
45:29 Imperial Age
SS_Bart
8:55 Feudal Age
9:16 Loom
9:48 Double-Bit Axe
10:18 Horse Collar
10:44 Town Watch
18:07 Forging
21:04 Fletching
24:56 Castle Age
24:06 Gold Mining
25:16 Stone Mining
26:36 Iron Casting
26:09 Scale Barding Armor
26:54 Bloodlines
28:35 Bow Saw
35:25 Wheelbarrow
35:46 Gold Shaft Mining
35:14 Heavy Plow
36:58 Hand Cart
37:02 Bodkin Arrow
42:24 Imperial Age
40:07 Padded Archer Armor
40:56 Ballistics
41:37 Leather Archer Armor
42:33 Elite Ratha (Ranged)
43:14 Bracer
44:16 Chemistry
43:38 Conscription
44:36 Ring Archer Armor
45:22 Paiks
SS_T3q
3:35 Loom
10:31 Feudal Age
13:29 Fletching
15:38 Double-Bit Axe
26:14 Castle Age
34:59 Bodkin Arrow
37:20 Wheelbarrow
36:30 Town Watch
40:51 Imperial Age
38:37 Bow Saw
38:08 Horse Collar
38:19 Gold Mining
38:19 Stone Mining
39:19 Ballistics
41:39 Bracer
43:12 Heavy Plow
44:12 Two-Man Saw
43:48 Gold Shaft Mining
44:33 Chemistry
__87_KeepeR_Arg
4:14 Loom
10:27 Feudal Age
11:42 Double-Bit Axe
15:15 Horse Collar
15:17 Fishing Lines
20:52 Castle Age
20:18 Scale Mail Armor
21:40 Bloodlines
21:17 Pikeman
22:25 Bow Saw
24:11 Scale Barding Armor
25:47 Husbandry
27:31 Wheelbarrow
28:19 Chain Barding Armor
29:43 Hand Cart
29:16 Town Watch
34:07 Chain Mail Armor
37:16 Imperial Age
37:18 Gold Mining
37:23 Stone Mining
37:48 Cavalier
39:10 Plate Barding Armor
41:16 Fletching
43:02 Town Patrol
43:05 Paladin
45:07 Conscription
45:16 Bodkin Arrow
45:43 Ballistics
46:24 Chemistry
45:34 Masonry
46:05 Bracer
45:47 Treadmill Crane
47:05 Hoardings
[CL] Al3jandr0.magn00
7:18 Loom
9:47 Feudal Age
10:33 Double-Bit Axe
16:36 Horse Collar
23:03 Castle Age
23:57 Medium Warships
24:28 Bow Saw
24:36 Fishing Lines
27:22 Wheelbarrow
31:55 Stone Mining
33:02 Town Watch
33:33 Hand Cart
37:27 Imperial Age
36:06 Scale Mail Armor
36:17 Forging
36:21 Gold Mining
37:41 Chain Mail Armor
38:03 Pikeman
39:15 Gillnets
39:06 Capped Ram
40:42 Plate Mail Armor
40:48 Iron Casting
40:30 Halberdier
40:44 Siege Ram
41:25 Fletching
43:54 Blast Furnace
44:33 Bodkin Arrow
__35_Kingpin_Arg
5:01 Loom
10:40 Feudal Age
18:42 Wheelbarrow
22:04 Castle Age
20:14 Gold Mining
20:11 Double-Bit Axe
22:23 Forging
22:58 Medium Warships
26:37 Bow Saw
27:54 Hand Cart
28:30 Horse Collar
29:05 Stone Mining
30:52 Gold Shaft Mining
37:53 Imperial Age
35:34 Scale Mail Armor
36:01 Coiled Serpent Array
38:57 Conscription
38:44 Capped Ram
40:21 Chain Mail Armor
42:29 Elite White Feather Guard
44:26 Hoardings
Connection lost

Rejoining the realm…

Still unreachable

The connection could not be restored.

Session expired

The server has moved on; the page needs a fresh start.